[Event "German Bundesliga 2024-25"]
[Site "Germany"]
[Date "2024.10.05"]
[Round "1.9"]
[White "Bluebaum, Matthias"]
[Black "Narayanan S L"]
[Result "1/2-1/2"]
[Annotator "TA"]
[ECO "D32"]
[WhiteElo "2646"]
[BlackElo "2640"]
[PlyCount "47"]
[EventDate "2024.09.27"]
[EventType "team-tourn"]
[EventCountry "GER"]
[SourceTitle "playchess.com"]
[Source "ChessBase"]
[SourceQuality "1"]
[WhiteTeam "Deizisau"]
[BlackTeam "Deggendorf"]
[TimeControl "40/5400+30:1800+30"]

1. Nf3 Nf6 2. c4 c5 3. Nc3 Nc6 4. e3 e6 5. d4 d5 6. cxd5 exd5 7. Bb5 cxd4 8. Nxd4 Bd7 9. O-O Bd6 10. Nf3 a6 11. Bxc6 Bxc6 {[%emt 0:00:29] White is slightly better.} 12. b3 O-O 13. Bb2 Re8 14. Qd4 Qe7 15. Rfd1 Rad8 16. Ne2 Bc5 17. Qf4 Ne4 {[%emt 0:00:34][%cal Oe4f2] [#] Threatens to win with ...Nxf2! The position is equal.} 18. Ng3 Nxg3 (18... Nxf2 $5 19. Nf5 Nxd1 (19... Qe4 $2 20. Qg5 $18) 20. Nxe7+ Rxe7 $14) 19. Qxg3 f6 20. Nd4 Bd7 21. Ne2 Bb5 {[%emt 0:08:16] This pair of bishops is nice.} 22. Nd4 Bd7 23. Ne2 Bb5 24. Nd4 {[%emt 0:01:16] Weighted Error Value: White=0.08 (flawless) /Black=0.07 (flawless) .  Inaccurate:     	White=1     	Black=1      OK:         	White=7     	Black=5      Best:        	---       	Black=1} 1/2-1/2

[Event "German Bundesliga 2024-25"]
[Site "Germany"]
[Date "2024.10.05"]
[Round "1.10"]
[White "Ghosh, Diptayan"]
[Black "Gledura, Benjamin"]
[Result "1/2-1/2"]
[Annotator "TA"]
[ECO "E45"]
[WhiteElo "2566"]
[BlackElo "2639"]
[PlyCount "43"]
[EventDate "2024.09.27"]
[EventType "team-tourn"]
[EventCountry "GER"]
[SourceTitle "playchess.com"]
[Source "ChessBase"]
[SourceQuality "1"]
[WhiteTeam "Deggendorf"]
[BlackTeam "Deizisau"]
[TimeControl "40/5400+30:1800+30"]

1. d4 Nf6 2. c4 e6 3. Nc3 Bb4 4. e3 b6 5. Nge2 Ba6 6. a3 Be7 7. Nf4 O-O 8. Bd3 d5 9. cxd5 Bxd3 10. Qxd3 exd5 11. O-O Bd6 12. Ncxd5 Nxd5 {[%emt 0:00:19] The position is equal.} 13. Nxd5 {[%emt 0:00:04] Threatens to win with e4.} Bxh2+ $1 14. Kxh2 Qxd5 15. e4 Qd6+ 16. Kg1 c5 17. Rd1 cxd4 18. Qxd4 Qxd4 19. Rxd4 Nc6 20. Rd6 Rac8 21. Bf4 Rfd8 22. Rxd8+ {[%emt 0:09:01] An uneventful encounter.   Weighted Error Value: White=0.03 (flawless) /Black=0.02 (flawless) .  OK:         	White=5     	Black=9      Strong:       	---       	Black=1} 1/2-1/2

[Event "German Bundesliga 2024-25"]
[Site "Germany"]
[Date "2024.10.05"]
[Round "1.11"]
[White "Banusz, Tamas"]
[Black "Sankalp Gupta"]
[Result "0-1"]
[Annotator "TA"]
[ECO "A13"]
[WhiteElo "2591"]
[BlackElo "2534"]
[PlyCount "122"]
[EventDate "2024.09.27"]
[EventType "team-tourn"]
[EventCountry "GER"]
[SourceTitle "playchess.com"]
[Source "ChessBase"]
[SourceQuality "1"]
[WhiteTeam "Deizisau"]
[BlackTeam "Deggendorf"]
[TimeControl "40/5400+30:1800+30"]

1. c4 e6 2. g3 d5 3. Bg2 d4 4. Nf3 Nf6 5. d3 Bb4+ 6. Bd2 {[%emt 0:03:34] A13: English Opening: 1...e6.} a5 7. O-O O-O 8. e3 Bxd2 9. Qxd2 Nc6 10. Re1 e5 11. exd4 exd4 12. Na3 Nd7 13. Nb5 $146 ({Predecessor:} 13. Nc2 Nc5 14. Ne5 Qd6 15. f4 Nxe5 16. Rxe5 c6 17. b4 Nd7 18. Rxa5 Rxa5 19. bxa5 {1-0 Fernandez,D (2529)-Kanyamarala,T (2344) Newcastle Northumbria Masters GM 2023 (8)}) 13... Nc5 14. Rad1 Ra6 15. Qg5 Qxg5 16. Nxg5 Nb4 17. Nxc7 Rg6 18. Nf3 Nbxd3 19. Re2 Bg4 20. Nd5 ({White should play} 20. h3 $14 Bxf3 21. Bxf3) 20... Re6 $15 21. Rdd2 (21. Red2 $15 Ne5 22. Nxd4 Bxd1 23. Rxd1) 21... Bxf3 $17 22. Bxf3 Ne5 23. Rxe5 Rxe5 24. Rxd4 Re1+ 25. Kg2 h6 26. Nc3 Rfe8 27. h4 Rc1 28. Rd5 b6 29. Rd2 Kf8 30. h5 Rb8 31. Bd1 Ne6 32. Ba4 (32. a3 $17) 32... Rd8 $19 33. Re2 Rd4 34. Bb3 (34. Bb5 $17 {is a better defense.}) 34... Nc5 $19 35. Na4 Nxa4 36. Bxa4 Rd8 (36... Rdxc4 37. Re8#) 37. b3 Rcd1 38. Re5 R1d2 39. c5 bxc5 (39... Rxa2 40. cxb6 Rb8 41. b7 $11) 40. Rxc5 R2d5 41. Rc7 Rxh5 42. Rb7 Rd2 43. Rb8+ Ke7 44. Rb7+ Ke6 (44... Kf6 45. Be8) 45. Rb6+ Rd6 46. Rb7 Rf5 47. f4 Rd2+ 48. Kh3 Rh5+ (48... Rxa2 $2 {loses.} 49. Bd7+ Kf6 50. Rb6+ Ke7 51. Bxf5 $18) 49. Kg4 Rhh2 50. Bb5 f5+ (50... Rxa2 $2 51. Bc4+ Kd6 52. Rxf7 $19) 51. Kf3 g5 52. Bc4+ Kd6 53. fxg5 hxg5 ({And not} 53... Rxa2 54. Rb6+ Kc7 55. Rxh6 $11) 54. Rb6+ Kc7 55. Rg6 (55. Rb5 {was worth a try.}) 55... Rhf2+ 56. Ke3 f4+ (56... Rxa2 57. Rxg5 Rh2 58. Rxf5 $11) 57. gxf4 gxf4+ ({Not} 57... Rxa2 58. Rxg5 Rfc2 59. Rg7+ Kd6 60. Rg6+ Kd7 61. f5 $11) 58. Ke4 Rxa2 59. Kd5 $2 (59. Rf6) 59... Rad2+ 60. Kc5 $2 (60. Ke4) 60... Rg2 $19 61. Rc6+ Kd7 0-1

[Event "German Bundesliga 2024-25"]
[Site "Germany"]
[Date "2024.10.05"]
[Round "1.12"]
[White "Krivoborodov, Egor"]
[Black "Gupta, Abhijeet"]
[Result "0-1"]
[Annotator "TA"]
[ECO "D00"]
[WhiteElo "2555"]
[BlackElo "2573"]
[PlyCount "48"]
[EventDate "2024.09.27"]
[EventType "team-tourn"]
[EventCountry "GER"]
[SourceTitle "playchess.com"]
[Source "ChessBase"]
[SourceQuality "1"]
[WhiteTeam "Deggendorf"]
[BlackTeam "Deizisau"]
[TimeControl "40/5400+30:1800+30"]

1. d4 Nf6 2. Bg5 d5 3. Nd2 Bf5 4. e3 Nbd7 5. c4 e6 6. Qb3 Be7 7. Ngf3 O-O 8. Be2 {[%emt 0:04:49] The position is equal.} c5 9. Qxb7 (9. O-O {simplifies} cxd4 10. Bxf6 Bxf6 11. Nxd4 dxc4 12. Nxc4 Be4 13. Rfd1) 9... cxd4 10. exd4 Rb8 11. Qxa7 Rxb2 {[%emt 0:03:22] Hoping for ...Ne4.} (11... dxc4 {simplifies} 12. Bxc4 Rxb2 13. O-O Bb4) 12. c5 $1 Ne4 13. Be3 {[%emt 0:04:40] [#]} ({White should try} 13. Bxe7 $11 Qxe7 14. Qa3) 13... e5 $1 $15 {[%emt 0:17:56] ...exd4 is the strong threat.} 14. c6 (14. Qa3 Rc2) 14... exd4 (14... Nxd2 $15 15. Nxd2 Nb6) 15. Bxd4 $2 (15. Qxd4 $14 {keeps the upper hand.} Bf6 16. Qxd5) 15... Bc5 $36 {[%emt 0:00:41][%mdl 2048] Black is really pushing. Really sharp!} 16. Bxc5 Ndxc5 17. O-O {[%emt 0:01:13] [#] aiming for Nxe4.} Nxd2 18. Qxc5 {[%emt 0:00:47] Strongly threatening Nxd2.} Nxf1 (18... Rc2 $17 19. Qe3 Nxf1 20. Bxf1 Rxc6) 19. Bxf1 (19. c7 $2 Qf6 20. Bxf1 Rc2 $19) (19. Nd4 $1 $15 Rxe2 20. Nxe2) 19... Rc2 20. Qb5 (20. Qe3 $17 {was worth a try.} Rxc6 21. Nd4) 20... Qf6 $19 21. Rd1 Be4 ({Don't take} 21... Rxc6 22. a4) 22. Nd2 h6 ({Don't do} 22... Rxa2 23. Nxe4 dxe4 24. Qc5) 23. a4 (23. Qa4 {was called for.} Qxc6 (23... Rxc6 $2 24. Nxe4 dxe4 25. Qxe4 $19) 24. Qxc6 Rxc6 25. Nxe4 dxe4 26. g4) 23... Qd4 (23... Rxc6 $2 24. Nxe4 dxe4 25. Qe2 $19) ({Much less strong is} 23... Qxc6 24. Qxc6 Rxc6 25. Nxe4 dxe4 26. Re1 $19) 24. Nxe4 (24. Qe2 Qxa4 (24... Rxc6 $2 25. Nxe4 Qxe4 26. Qb5 $19) 25. c7) 24... Qxd1 {[%emt 0:00:06] Weighted Error Value: White=0.51/Black=0.17 (very precise) .  Mistake:       	White=6     	Black=2      OK:         	White=6     	Black=8      Best:        	White=1     	Black=3      Strong:       	White=1     	---} 0-1

[Event "German Bundesliga 2024-25"]
[Site "Germany"]
[Date "2024.10.05"]
[Round "1.13"]
[White "Dautov, Rustem"]
[Black "Petrov, Martin"]
[Result "1/2-1/2"]
[Annotator "TA"]
[ECO "E11"]
[WhiteElo "2570"]
[BlackElo "2538"]
[PlyCount "41"]
[EventDate "2024.09.27"]
[EventType "team-tourn"]
[EventCountry "GER"]
[SourceTitle "playchess.com"]
[Source "ChessBase"]
[SourceQuality "1"]
[WhiteTeam "Deizisau"]
[BlackTeam "Deggendorf"]
[TimeControl "40/5400+30:1800+30"]

1. d4 Nf6 2. c4 e6 3. Nf3 Bb4+ 4. Bd2 Qe7 5. g3 Bxd2+ 6. Qxd2 Nc6 7. Nc3 d5 8. cxd5 exd5 9. Bg2 O-O 10. O-O Re8 11. e3 Bf5 12. Nh4 Be6 13. a3 a6 {[%emt 0:00:17] The position is equal.} 14. Qc2 Na7 15. Nf3 Nb5 16. Ne5 Nd6 17. Na4 c6 18. Nc5 Bf5 19. Qe2 Nfe4 20. Nxe4 Bxe4 21. Bxe4 {[%emt 0:05:24] Not much happened in this game.   Weighted Error Value: White=0.05 (flawless) /Black=0.04 (flawless) .  OK:         	White=5     	Black=6} 1/2-1/2

[Event "German Bundesliga 2024-25"]
[Site "Germany"]
[Date "2024.10.05"]
[Round "1.14"]
[White "Delchev, Aleksander"]
[Black "Heimann, Andreas"]
[Result "1/2-1/2"]
[Annotator "TA"]
[ECO "C54"]
[WhiteElo "2473"]
[BlackElo "2556"]
[PlyCount "40"]
[EventDate "2024.09.27"]
[EventType "team-tourn"]
[EventCountry "GER"]
[SourceTitle "playchess.com"]
[Source "ChessBase"]
[SourceQuality "1"]
[WhiteTeam "Deggendorf"]
[BlackTeam "Deizisau"]
[TimeControl "40/5400+30:1800+30"]

1. e4 e5 2. Nf3 Nc6 3. Bc4 Nf6 4. d3 Bc5 5. c3 O-O 6. O-O d6 7. Bg5 h6 8. Bh4 a6 9. a4 Ba7 10. Nbd2 Qe7 11. b4 Be6 12. Rb1 {[%emt 0:14:37] White has an edge.} Bxc4 13. Nxc4 b5 14. Ne3 Qe6 {[%emt 0:00:20] Inhibits Nd5.} 15. Bxf6 Qxf6 16. Nd5 Qd8 17. Ra1 Ne7 18. Nxe7+ Qxe7 19. Qb3 c6 20. axb5 axb5 {[%emt 0:00:05] Weighted Error Value: White=0.10 (very precise) /Black=0.09 (flawless) .  Inaccurate:     	White=1     	Black=1      OK:         	White=2     	Black=3} 1/2-1/2

[Event "German Bundesliga 2024-25"]
[Site "Germany"]
[Date "2024.10.05"]
[Round "1.15"]
[White "Graf, Alexander"]
[Black "Tilicheev, Viacheslav"]
[Result "0-1"]
[Annotator "TA"]
[ECO "D35"]
[WhiteElo "2528"]
[BlackElo "2438"]
[PlyCount "148"]
[EventDate "2024.09.27"]
[EventType "team-tourn"]
[EventCountry "GER"]
[SourceTitle "playchess.com"]
[Source "ChessBase"]
[SourceQuality "1"]
[WhiteTeam "Deizisau"]
[BlackTeam "Deggendorf"]
[TimeControl "40/5400+30:1800+30"]

1. c4 e6 2. Nc3 d5 3. d4 Nf6 4. cxd5 exd5 5. Bg5 Bb4 6. e3 h6 7. Bh4 g5 {[%emt 0:00:12] D35: Queen's Gambit Declined: Exchange Variation.} 8. Bg3 Ne4 9. a3 Nxc3 10. Qb3 Bxa3 11. bxc3 Be7 12. Bd3 $146 ({Predecessor:} 12. Nf3 c6 13. c4 O-O 14. h4 g4 15. Ne5 h5 16. cxd5 cxd5 17. Bb5 Be6 18. Ke2 {½-½ Hammer,J (2632)-Lodici,L (2407) EU-Cup 33rd Antalya 2017 (4.1)}) 12... c5 13. dxc5 Nd7 14. Bb5 O-O 15. Bxd7 Qxd7 16. h4 a5 17. hxg5 hxg5 18. Nf3 a4 19. Qb4 Qg4 20. Nd4 Qe4 21. Rh2 Bf6 22. Qb1 (22. Bd6 $11 Rd8 23. Kd2) 22... Bxd4 (22... Qxb1+ $15 23. Rxb1 a3) 23. cxd4 $11 Qxb1+ $1 24. Rxb1 Bf5 25. Ra1 $1 (25. Rxb7 $2 a3 26. Rh1 a2 $19) 25... a3 26. Bd6 Rfc8 27. Be5 Kf8 28. Rh5 f6 29. Bxf6 Kf7 30. Be5 $1 (30. Bxg5 $2 Kg6 31. Rh6+ (31. g4 $2 Bxg4 32. Rh6+ Kxg5 $19) 31... Kxg5 $19) 30... Kg6 31. Rh1 a2 32. f3 Ra3 33. Kf2 (33. Kd2 $11) 33... Rca8 $1 $15 34. Rhd1 Rb3 35. Rd2 Bb1 36. e4 ({White should play} 36. Kg3) 36... dxe4 $17 37. fxe4 Rf8+ (37... g4 $1 $17 38. g3 Rf8+ (38... Bxe4 39. Rdxa2 Rxa2+ 40. Rxa2 $11) 39. Kg1 Re3 (39... Bxe4 40. Rdxa2 Rf5 41. Rh2 $11) 40. Rdxa2 Bxa2 41. Rxa2 Rxe4) 38. Kg1 ({Better is} 38. Ke2 $1 $15) 38... Re3 $1 $17 (38... Bxe4 39. Raxa2 (39. Rdxa2 Bd5 $11) 39... Rb1+ 40. Kh2 $14) 39. Rb2 Rf7 (39... Bxe4 40. Raxa2 (40. Rbxa2 g4 $11) 40... Bd5 41. Ra1 $16) 40. Raxb1 axb1=Q+ 41. Rxb1 Rxe4 42. Rb3 Re2 43. Kh2 Rd2 (43... g4 $1 $19 44. Bg3 Rd2) 44. Kh3 (44. Kg3 $17) 44... Kf5 $1 $19 45. Rf3+ Ke6 $1 46. Rg3 $2 (46. Re3) 46... Rh7+ $1 $19 47. Kg4 Rh2 48. Kf3 (48. Rc3 $142 Rdxg2+ (48... Rhxg2+ $2 49. Kh5 $19) 49. Bg3) 48... Rd3+ $19 49. Ke4 Rxg3 50. d5+ Kd7 51. c6+ bxc6 52. dxc6+ Kxc6 53. Bxg3 Rxg2 54. Kf3 Rg1 $1 55. Bf2 {[%emt 0:00:00] [#]} g4+ $1 56. Kf4 {[%emt 0:00:42] [#]} Rf1 $1 57. Kg3 Kd5 58. Ba7 Rf7 59. Bb8 Rg7 60. Bf4 Ke4 61. Bd6 Kf5 62. Bb8 Rb7 63. Bd6 Rd7 64. Bb8 Rd3+ 65. Kg2 Rd2+ 66. Kg3 Rb2 67. Bc7 Rb3+ 68. Kg2 Rb7 69. Bd6 Rd7 70. Bb8 Kg5 71. Be5 Rd5 72. Bc7 Rd2+ 73. Kg3 Rd3+ 74. Kg2 Kh4 0-1

[Event "German Bundesliga 2024-25"]
[Site "Germany"]
[Date "2024.10.05"]
[Round "1.16"]
[White "Wisnet, Dominic"]
[Black "Koellner, Ruben Gideon"]
[Result "0-1"]
[Annotator "RC"]
[ECO "C78"]
[WhiteElo "2284"]
[BlackElo "2480"]
[PlyCount "148"]
[EventDate "2024.09.27"]
[EventType "team-tourn"]
[EventCountry "GER"]
[SourceTitle "playchess.com"]
[Source "ChessBase"]
[SourceQuality "1"]
[WhiteTeam "Deggendorf"]
[BlackTeam "Deizisau"]
[TimeControl "40/5400+30:1800+30"]

1. e4 e5 2. Nf3 Nc6 3. Bb5 a6 4. Ba4 Nf6 5. O-O Bc5 6. d3 b5 7. Bb3 d6 8. a4 Bg4 9. c3 Rb8 10. axb5 axb5 11. Be3 O-O 12. Nbd2 Bxe3 13. fxe3 Ne7 14. Qe1 Ng6 15. h3 Bxf3 16. Nxf3 b4 17. Bc4 c6 18. cxb4 Qb6 19. Ra6 Qb7 20. Ra4 d5 21. exd5 cxd5 22. Bb3 Rfe8 23. Qd2 Qe7 24. Re1 Rb5 25. e4 Reb8 26. exd5 Rxb4 27. Rxb4 Rxb4 28. Qc3 Qb7 29. Nd2 Rf4 30. Rc1 Nf8 31. Qxe5 Qb6+ 32. Kh1 Rf2 33. Qe1 Rxd2 34. Qxd2 Qxb3 35. d6 Qb6 36. b4 Qxd6 37. b5 h6 38. Qe3 N8d7 39. d4 Qd5 40. Rc8+ Kh7 41. Qd3+ Ne4 42. Rc7 f5 43. Qc4 Qd6 44. Qc6 Qf4 45. Qc1 Nf2+ 46. Kg1 Qxd4 47. Rxd7 Qxd7 48. Kxf2 Qxb5 49. Qc2 Qe5 50. Kg1 Kg6 51. Qd3 Kg5 52. Qd8+ Kh5 53. Kf2 Qf4+ 54. Kg1 Qe3+ 55. Kh2 Qe5+ 56. Kg1 g5 57. Qd2 Kg6 58. Qd3 Qe4 59. Qd6+ Kh5 60. Qf6 f4 61. Kh2 Qe3 62. Kh1 Qe4 63. Kh2 Qe1 64. Qc6 Qe5 65. Kh1 Kh4 66. Qxh6+ Kg3 67. Qb6 Qe3 68. Qb1 f3 69. Qb8+ Qf4 70. Qb2 g4 71. Qc2 Qe5 72. Qc1 fxg2+ 73. Kg1 Qd4+ 74. Qe3+ Qxe3# 0-1

[Event "German Bundesliga 2024-25"]
[Site "Germany"]
[Date "2025.02.01"]
[Round "7.9"]
[White "Indjic, Aleksandar"]
[Black "Livaic, Leon"]
[Result "1-0"]
[Annotator "ChessBase"]
[ECO "A21"]
[WhiteElo "2647"]
[BlackElo "2557"]
[PlyCount "81"]
[EventDate "2024.09.27"]
[EventType "team-tourn"]
[EventCountry "GER"]
[SourceTitle "playchess.com"]
[Source "ChessBase"]
[SourceQuality "1"]
[WhiteTeam "Deggendorf"]
[BlackTeam "Heimbach-Weis-Neuwied"]
[TimeControl "40/5400+30:1800+30"]

1. c4 d6 2. Nc3 e5 3. Nf3 f5 4. e3 Nf6 5. h4 Be7 6. d4 e4 7. Ng5 c6 8. Nh3 Na6 9. Nf4 Nc7 10. d5 O-O 11. b3 cxd5 12. Ncxd5 Ncxd5 13. Nxd5 Nxd5 14. Qxd5+ Kh8 15. Bb2 Bf6 16. O-O-O Bxb2+ 17. Kxb2 Qf6+ 18. Qd4 b6 19. Be2 Bb7 20. Qxf6 Rxf6 21. Rd4 Kg8 22. Rhd1 Rd8 23. Rc1 f4 24. c5 bxc5 25. Rxc5 fxe3 26. fxe3 dxc5 27. Rxd8+ Kf7 28. Rd7+ Ke8 29. Rxb7 Rf2 30. Rxg7 Rxe2+ 31. Kc3 Rxe3+ 32. Kd2 Rd3+ 33. Ke2 c4 34. bxc4 Ra3 35. g4 h6 36. Rg6 h5 37. gxh5 Kf7 38. Rg4 Rxa2+ 39. Ke3 Ra5 40. Rg5 Ra4 41. c5 1-0

[Event "German Bundesliga 2024-25"]
[Site "Germany"]
[Date "2025.02.01"]
[Round "7.10"]
[White "Kraemer, Martin"]
[Black "Ghosh, Diptayan"]
[Result "1/2-1/2"]
[Annotator "ChessBase"]
[ECO "B12"]
[WhiteElo "2579"]
[BlackElo "2569"]
[PlyCount "75"]
[EventDate "2024.09.27"]
[EventType "team-tourn"]
[EventCountry "GER"]
[SourceTitle "playchess.com"]
[Source "ChessBase"]
[SourceQuality "1"]
[WhiteTeam "Heimbach-Weis-Neuwied"]
[BlackTeam "Deggendorf"]
[TimeControl "40/5400+30:1800+30"]

1. e4 c6 2. d4 d5 3. e5 c5 4. Nf3 cxd4 5. Qxd4 Nc6 6. Qf4 g6 7. Nc3 d4 8. Nb5 Bh6 9. Qh4 Bxc1 10. Rxc1 a6 11. Nbxd4 Nxe5 12. Be2 Nxf3+ 13. Nxf3 Qa5+ 14. c3 Nf6 15. O-O O-O 16. a3 Qc7 17. Rfe1 b6 18. c4 a5 19. c5 bxc5 20. Qg5 Qb6 21. Qxc5 Rb8 22. Qxe7 Re8 23. Qc5 Qxc5 24. Rxc5 Rxb2 25. Bd3 Rxe1+ 26. Nxe1 Be6 27. Rxa5 Rd2 28. h3 Rd1 29. Kf1 Nd5 30. Bc2 Ra1 31. Ke2 Nb6 32. Nd3 Nc4 33. Ra8+ Kg7 34. Nf4 Bd7 35. Bd3 Rxa3 36. Rxa3 Nxa3 37. h4 Bb5 38. g3 1/2-1/2

[Event "German Bundesliga 2024-25"]
[Site "Germany"]
[Date "2025.02.01"]
[Round "7.11"]
[White "Sankalp Gupta"]
[Black "Lodici, Lorenzo"]
[Result "1-0"]
[Annotator "ChessBase"]
[ECO "B84"]
[WhiteElo "2550"]
[BlackElo "2574"]
[PlyCount "47"]
[EventDate "2024.09.27"]
[EventType "team-tourn"]
[EventCountry "GER"]
[SourceTitle "playchess.com"]
[Source "ChessBase"]
[SourceQuality "1"]
[WhiteTeam "Deggendorf"]
[BlackTeam "Heimbach-Weis-Neuwied"]
[TimeControl "40/5400+30:1800+30"]

1. Nf3 c5 2. e4 d6 3. d4 cxd4 4. Nxd4 Nf6 5. Nc3 a6 6. Be3 e6 7. Be2 b5 8. Bf3 Nfd7 9. e5 d5 10. Nxd5 exd5 11. Bxd5 Ra7 12. e6 Ne5 13. Nf3 Nxf3+ 14. Qxf3 Bxe6 15. Bxe6 Bb4+ 16. Kf1 Re7 17. Bb3 Qc8 18. Qg3 f6 19. a4 Nc6 20. axb5 axb5 21. c3 Ba5 22. Bc5 Rb7 23. Qe3+ Kd8 24. Be6 1-0

[Event "German Bundesliga 2024-25"]
[Site "Germany"]
[Date "2025.02.01"]
[Round "7.12"]
[White "Nasuta, Grzegorz"]
[Black "Petrov, Martin"]
[Result "1/2-1/2"]
[Annotator "ChessBase"]
[ECO "B52"]
[WhiteElo "2497"]
[BlackElo "2550"]
[PlyCount "40"]
[EventDate "2024.09.27"]
[EventType "team-tourn"]
[EventCountry "GER"]
[SourceTitle "playchess.com"]
[Source "ChessBase"]
[SourceQuality "1"]
[WhiteTeam "Heimbach-Weis-Neuwied"]
[BlackTeam "Deggendorf"]
[TimeControl "40/5400+30:1800+30"]

1. e4 c5 2. Nf3 d6 3. Bb5+ Bd7 4. Bxd7+ Nxd7 5. O-O e6 6. Qe2 Be7 7. c3 Ngf6 8. d4 O-O 9. Rd1 Qc7 10. Bg5 h6 11. Bh4 Rfe8 12. e5 dxe5 13. dxe5 Nd5 14. c4 Nf4 15. Qe3 Bxh4 16. Qxf4 Bf6 17. Re1 Rad8 18. Nc3 a6 19. Rad1 Be7 20. Ne4 f6 1/2-1/2

[Event "German Bundesliga 2024-25"]
[Site "Germany"]
[Date "2025.02.01"]
[Round "7.13"]
[White "Bogosavljevic, Boban"]
[Black "Zilka, Stepan"]
[Result "1/2-1/2"]
[Annotator "ChessBase"]
[ECO "E05"]
[WhiteElo "2480"]
[BlackElo "2539"]
[PlyCount "71"]
[EventDate "2024.09.27"]
[EventType "team-tourn"]
[EventCountry "GER"]
[SourceTitle "playchess.com"]
[Source "ChessBase"]
[SourceQuality "1"]
[WhiteTeam "Deggendorf"]
[BlackTeam "Heimbach-Weis-Neuwied"]
[TimeControl "40/5400+30:1800+30"]

1. Nf3 d5 2. g3 Nf6 3. Bg2 e6 4. O-O Be7 5. d4 O-O 6. c4 dxc4 7. Qc2 a6 8. a4 Nc6 9. Qxc4 Na5 10. Qc2 b6 11. Ne5 Bb7 12. Bxb7 Nxb7 13. Nc6 Qe8 14. Rd1 Bc5 15. Ne5 Bd6 16. Nd2 c5 17. Ne4 Nxe4 18. Qxe4 cxd4 19. Nc4 Rc8 20. Nxd6 Nxd6 21. Qxd4 Rc6 22. b3 Nf5 23. Qf4 Qc8 24. Ba3 Re8 25. Rac1 h6 26. Qe4 Ne7 27. Qf3 Rxc1 28. Rxc1 Qd7 29. Bxe7 Qxe7 30. Rc6 Rb8 31. Qd3 Qb4 32. Qd6 Qxd6 33. Rxd6 a5 34. e4 b5 35. axb5 Rxb5 36. Rd3 1/2-1/2

[Event "German Bundesliga 2024-25"]
[Site "Germany"]
[Date "2025.02.01"]
[Round "7.14"]
[White "Ferreira, Jorge Viterbo"]
[Black "Delchev, Aleksander"]
[Result "1-0"]
[Annotator "ChessBase"]
[ECO "C77"]
[WhiteElo "2523"]
[BlackElo "2464"]
[PlyCount "81"]
[EventDate "2024.09.27"]
[EventType "team-tourn"]
[EventCountry "GER"]
[SourceTitle "playchess.com"]
[Source "ChessBase"]
[SourceQuality "1"]
[WhiteTeam "Heimbach-Weis-Neuwied"]
[BlackTeam "Deggendorf"]
[TimeControl "40/5400+30:1800+30"]

1. e4 e5 2. Nf3 Nc6 3. Bb5 a6 4. Ba4 Nf6 5. d3 d6 6. c3 g6 7. O-O Bg7 8. Re1 O-O 9. h3 Re8 10. Be3 Bd7 11. Nbd2 h6 12. a3 d5 13. b4 b6 14. Qc2 Re7 15. Nf1 Qe8 16. Bb3 Be6 17. Ng3 Rd8 18. Rad1 dxe4 19. dxe4 Rxd1 20. Rxd1 Rd7 21. c4 Rxd1+ 22. Qxd1 Qd7 23. Qc1 Kh7 24. Ba4 Ng8 25. Qc2 Nge7 26. Ne2 Qd8 27. Nc1 f6 28. Bb3 Qd7 29. Ne2 f5 30. exf5 gxf5 31. Ba4 Qd8 32. Ng3 Nb8 33. Nh4 Qf8 34. f4 Qf6 35. Nf3 exf4 36. Bxf4 Nbc6 37. Kh2 Nd4 38. Qf2 Nxf3+ 39. Qxf3 Ng6 40. Bxc7 f4 41. Nh5 1-0

[Event "German Bundesliga 2024-25"]
[Site "Germany"]
[Date "2025.02.01"]
[Round "7.15"]
[White "Popovic, Dusan"]
[Black "Kosakowski, Jakub"]
[Result "0-1"]
[Annotator "ChessBase"]
[ECO "B90"]
[WhiteElo "2487"]
[BlackElo "2516"]
[PlyCount "66"]
[EventDate "2024.09.27"]
[EventType "team-tourn"]
[EventCountry "GER"]
[SourceTitle "playchess.com"]
[Source "ChessBase"]
[SourceQuality "1"]
[WhiteTeam "Deggendorf"]
[BlackTeam "Heimbach-Weis-Neuwied"]
[TimeControl "40/5400+30:1800+30"]

1. e4 c5 2. Nf3 d6 3. d4 cxd4 4. Nxd4 Nf6 5. Nc3 a6 6. a3 e5 7. Nf5 d5 8. Bg5 d4 9. Bxf6 gxf6 10. Nb1 Bxf5 11. exf5 Qd5 12. Qh5 Qa5+ 13. Nd2 Bb4 14. O-O-O Bxd2+ 15. Rxd2 Qc7 16. f4 Nd7 17. fxe5 fxe5 18. Qh4 f6 19. Qh5+ Ke7 20. g4 Rag8 21. Be2 b5 22. Kb1 Nb6 23. Re1 h6 24. Bf3 Qc5 25. Qh4 Nc4 26. Rd3 b4 27. axb4 Qxb4 28. Rb3 Nd2+ 29. Ka2 Qa5+ 30. Ra3 Nxf3 31. Qf2 Qd5+ 32. Ka1 Nxe1 33. Qxe1 a5 0-1

[Event "German Bundesliga 2024-25"]
[Site "Germany"]
[Date "2025.02.01"]
[Round "7.16"]
[White "Winterberg, Lukas"]
[Black "Sedlak, Nikola"]
[Result "1/2-1/2"]
[Annotator "ChessBase"]
[ECO "D85"]
[WhiteElo "2410"]
[BlackElo "2444"]
[PlyCount "46"]
[EventDate "2024.09.27"]
[EventType "team-tourn"]
[EventCountry "GER"]
[SourceTitle "playchess.com"]
[Source "ChessBase"]
[SourceQuality "1"]
[WhiteTeam "Heimbach-Weis-Neuwied"]
[BlackTeam "Deggendorf"]
[TimeControl "40/5400+30:1800+30"]

1. d4 Nf6 2. Nf3 g6 3. c4 Bg7 4. Nc3 d5 5. cxd5 Nxd5 6. e4 Nxc3 7. bxc3 c5 8. Bb5+ Bd7 9. Bxd7+ Nxd7 10. O-O Qa5 11. Qb3 b6 12. Bd2 O-O 13. a4 Qa6 14. Rfe1 Rac8 15. h4 h6 16. e5 cxd4 17. cxd4 e6 18. a5 Qc4 19. Qxc4 Rxc4 20. axb6 axb6 21. Ra7 Nb8 22. Rb7 Nc6 23. Be3 Rb8 1/2-1/2